 Dungeon Crawl Stone Soup version 0.29.1-15-g9cfb28693d (webtiles) character file.

Game seed: 16667043629451843763

415 hawla the Firebug (level 7, -5/50 HPs)
             Began as a Meteoran Fire Elementalist on Mar 7, 2023.
             Slain by an ogre
             ... wielding a +0 giant club
              (12 damage)
             ... on level 6 of the Dungeon.
             The game lasted 00:02:47 (531 turns).

hawla the Firebug (Meteoran Fire Elementalist)       Turns: 531, Time: 00:02:48

Health: -5/50      AC:  4    Str: 10    XL:     7   Next: 38%
Magic:  3/14       EV: 13    Int: 18    God:
Gold:   60         SH:  0    Dex: 15    Spells: 7/14 levels left

rFire   + . .      SeeInvis +   c - +1 dagger (venom)
rCold   + . .      Faith    .   (no shield)
rNeg    . . .      Spirit   .   i - +2 robe {rC+ rF+}
rPois   .          Reflect  .   (no helmet)
rElec   .          Harm     .   (no cloak)
rCorr   .          Rampage  .   (no gloves)
Will    .....                   (no boots)
Stlth   +.........              (no amulet)
HPRegen 0.16/turn               g - ring of see invisible
MPRegen 0.14/turn               (no ring)

@: attractive, glowing
A: sense surroundings 1, otherworldly, glowing, explore regen
a: no special abilities


You were on level 6 of the Dungeon.
You visited 1 branch of the dungeon, and saw 5 of its levels.

You collected 60 gold pieces.

Inventory:

Hand Weapons
 c - a +1 dagger of venom (weapon)
 j - a +0 long sword
Armour
 i - a +2 robe of resistance (worn)
Jewellery
 a - the amulet "Lumuk" {Acrobat rN++ Int+3}
   (You found it on level 4 of the Dungeon)

   [amulet of the acrobat]

   It increases your evasion while moving and waiting.
   Int:       It affects your intelligence (+3).
   rN:        It greatly protects you from negative energy.
 g - a ring of see invisible (left hand)
Scrolls
 h - a scroll of identify
Potions
 b - 3 potions of magic
 e - a potion of flight {unknown}
 f - a potion of cancellation
 k - a potion of lignification {unknown}


   Skills:
 + Level 3.2 Dodging
 - Level 1.4 Stealth
 + Level 4.3 Spellcasting
 + Level 5.5 Conjurations
 + Level 5.8 Fire Magic


You had 7 spell levels left.
You knew the following spells:

 Your Spells              Type           Power      Damage    Failure   Level
a - Foxfire               Conj/Fire      96%        2x1d8     1%          1
b - Scorch                Fire           50%        2d7       1%          2
c - Flame Wave            Conj/Fire      24%        2d8       14%         4

Your spell library contained the following spells:

 Spells                   Type           Power      Damage    Failure   Level
 Conjure Flame            Conj/Fire      24%        6-21      4%          3
 Inner Flame              Hex/Fire       14%        N/A       13%         3


Dungeon Overview and Level Annotations

Branches:
Dungeon (4/15) Zot: 2469
 Temple: D:4-7

Altars:

Shops:
D:3 [


Innate Abilities, Weirdness & Mutations

You passively map a small area around you.
You are easily found by Zot.
You glow in the dark.
You regain HP and MP as you explore.


Message History

k - a cyan potion You feel sick.
You are no longer poisoned.
You now have 60 gold pieces (gained 11).
An ogre comes into view. It is wielding a +0 giant club.
Found 7 stones.
The ogre shouts!
An ogre is nearby!
An ogre is nearby!
An ogre is nearby!
A white imp comes into view.
Casting: Scorch (safe; 1% risk of failure)
Confirm with . or Enter, or press ? or * to list all spells.
Flames lash the ogre.
The ogre is lightly wounded.
The ogre's fire resistance burns away.
The white imp shouts!
Casting: Scorch (safe; 1% risk of failure)
Confirm with . or Enter, or press ? or * to list all spells.
Flames lash the ogre.
The ogre is burned terribly!
The ogre is moderately wounded.
The ogre hits you with a +0 giant club!!
Ouch! That really hurt!
The white imp shouts, "Escape, thou gorbellied tickle-brained hugger-mugger!"
Saving game... please wait.
Welcome back, hawla the Meteoran Fire Elementalist.
Press ? for a list of commands and other information.
Cast which spell? (? or * to list) Flames lash the white imp.
The white imp is burned terribly!
You kill the white imp!
Unknown command.
It was a potion of attraction.
You feel attractive to monsters. The ogre hits you with a +0 giant club!
* * * LOW HITPOINT WARNING * * *
As you read the scroll labelled MIEWNU QIMYOPT, it crumbles to dust.
It is a scroll of identify.
f - a potion of cancellation The ogre hits you with a +0 giant club!
You die...

* * # *, *
####.###. * #...
...### , ########.#
#..#. , #........#
#...# #.######.#
#.... #.# #.# #...#
#@# ####.#####...#
*
#O###............#
,..........####.†..
*.#.###.###.# #.#.#
#.#.# #. #.# #.#.#
. (..,. ..# *#.#.#
## #### #.. ....> *
... ..### #.######


You could see an ogre (combustible).

Vanquished Creatures
  A steam dragon (D:6)
  A black bear (D:6)
  A bullfrog (D:3)
  A scorpion (D:6)
  A hound (D:4)
  Jessica (D:3)
  A white imp (D:6)
  3 orcs (D:4)
  An endoplasm (D:1)
  2 goblins
  3 hobgoblins
  A quokka (D:3)
  2 ball pythons (D:3)
  A bat (D:3)
  A kobold (D:1)
  A rat (D:3)
22 creatures vanquished.

Vanquished Creatures (others)
  55 foxfires
55 creatures vanquished.

Grand Total: 77 creatures vanquished

Notes
Turn   | Place    | Note
-------+----------+-------------------------------------------
     0 | D:1      | hawla the Meteoran Fire Elementalist began the quest for
                  | the Orb.
     0 | D:1      | Reached XP level 1. HP: 14/14 MP: 5/5
    65 | D:2      | Found a faded altar of an unknown god.
   115 | D:3      | Reached XP level 2. HP: 7/20 MP: 0/6
   146 | D:3      | Noticed a bullfrog
   151 | D:3      | Killed a bullfrog
   152 | D:3      | Reached skill level 5 in Fire Magic
   152 | D:3      | Reached XP level 3. HP: 10/26 MP: 2/9
   152 | D:3      | Reached XP level 4. HP: 13/33 MP: 2/10
   155 | D:3      | Learned a level 2 spell: Scorch
   262 | D:3      | Found Sehu's Armour Boutique.
   265 | D:3      | Noticed Jessica
   269 | D:3      | Killed Jessica
   270 | D:3      | Reached XP level 5. HP: 38/38 MP: 6/11
   340 | D:4      | Learned a level 4 spell: Flame Wave
   426 | D:4      | Identified the amulet "Lumuk" {Acrobat rN++ Int+3}
   473 | D:4      | You fall into a shaft and drop 2 floors!
   488 | D:6      | Noticed a black bear
   493 | D:6      | Killed a black bear
   493 | D:6      | Noticed a steam dragon
   494 | D:6      | Reached XP level 6. HP: 40/45 MP: 9/12
   497 | D:6      | Killed a steam dragon
   498 | D:6      | Reached skill level 5 in Conjurations
   498 | D:6      | Reached XP level 7. HP: 42/50 MP: 3/14
   531 | D:6      | Slain by an ogre

Illustrated notes

Levels and vault maps discovered:
D:1:      minmay_arrival_checkered_box, layout_loops_ring,
          serial_co_window_serial, co_window_paths_a, co_window_paths_b,
          co_window_paths_a, co_window_corner_a, co_window_paths_a,
          co_window_of_opportunity_a, co_window_unsneaky_path_b,
          co_window_2corner, co_window_paths_c, co_window_corner_b,
          co_window_paths_e, glass_columns_a, glass_columns_a, glass_columns_a,
          glass_columns_a, chequers_big_river, minmay_misc_feat_room,
          nrook_campfire, minivault_23
D:2:      layout_basic, ebering_ecumenical_altar_abandoned
D:3:      layout_basic, serial_shops, shop_statue, serial_aquarium,
          aquarium_bridge_square [aquarium_subvault_bridge,
          aquarium_subvault_bridge, aquarium_subvault_bridge,
          aquarium_subvault_window], aquarium_window_fake, aquarium_window_fake,
          aquarium_window_fake, aquarium_window_3, aquarium_view_2f,
          aquarium_view_2b, aquarium_pool_2, minivault_25, uniq_jessica
D:4:      layout_basic, minmay_temple_entry_wispy,
          ebering_ghost_reflecting_pool, nicolae_concentric_dashed_squares_wild
D:6:      layout_loops_ring, lemuel_coloured_pillars_altar,
          mainiacjoe_overflow_paths, uniq_edmund, uniq_prince_ribbit1,
          uniq_maggie

Skill      XL: |  1  2  3  4  5  6 |
---------------+-------------------+-----
Fire Magic     | 5 |  5.8
Spellcasting   | 3 4 |  4.3
Dodging        | 3 |  3.2
Conjurations   | 4 5 |  5.5
Stealth        | |  1.4

Action                   |  1- 3 |  4- 6 |  7- 9 || total
-------------------------+-------+-------+-------++-------
Melee: Unarmed           |     3 |       |       ||     3
       Dagger            |       |    13 |     2 ||    15
 Cast: Foxfire           |    16 |    13 |     1 ||    30
       Scorch            |       |     7 |     4 ||    11
  Use: Scroll            |     1 |       |     1 ||     2
       Potion            |       |       |     1 ||     1
Armor: Robe              |       |     2 |     2 ||     4
Dodge: Dodged            |     3 |    11 |       ||    14
